[Event "Early-Titled-Tuesday-Blitz-January-23-2024"]
[Site "Chess.com"]
[Date "2024.01.23"]
[Round "3"]
[White "Casper"]
[Black "baki83"]
[Result "1/2-1/2"]
[WhiteElo "2561"]
[BlackElo "2847"]
[TimeControl "180+1"]
[EndTime "8:28:44 PST"]
[Termination "Game drawn by repetition"]

1. Nf3 d5 2. b3 Bf5 3. Bb2 e6 4. e3 Nf6 5. Be2 h6 6. O-O Be7 7. c4 c6 8. Nc3 O-O 9. d4 Nbd7 10. Bd3 Ne4 11. Qc2 Ndf6 12. Rfd1 Bb4 13. Ne5 Nxc3 14.
Bxc3 Bxd3 15. Rxd3 Bd6 16. Rad1 Qe7 17. f3 Rfd8 18.
Qe2 Nh7 19. e4 Qc7 20. f4 Nf6 21. exd5 exd5 22. Rh3 Qc8 23. Rdd3 Ne4 24. c5 Bc7 25. Qh5 Bxe5 26. fxe5 Qe6 27. Ba5 Rf8 28. Bc7 f5 29. Bd6 Rf7 30. Rdf3 Kh7 31. Kh1 Kg8 32. Rf1 Re8 33. a4 f4 34. Rhf3 Nd2 35. Qh4 Nxf1 36. Rxf1 Qf5 37. a5 Re6 38. Qf2 Kh7 39. h3 Rg6 40.
Qe1 Qe4 41. Qf2 Rf5 42. Rg1 Rg3 43. Rf1 Rxh3+ 44. Kg1 Rg3 45. Re1 Qd3 46. e6 Rfg5 47. Bxf4 Rxg2+ 48. Qxg2 Rxg2+ 49. Kxg2 Qg6+ 50. Kf3 Qh5+ 51.
Kf2 Qh4+ 52. Bg3 Qe7 53. Bd6 Qf6+ 54. Kg2 Qg6+ 55. Kf2 Qf5+ 56. Kg2 Qg5+ 57. Kf2 Qh4+ 58. Bg3 Qxd4+ 59. Kg2 Qd2+ 60. Kg1 Qg5 61. Kg2 Qe7 62. Bd6 Qg5+ 63. Bg3 Qe7 64. Bd6 Qg5+ 65. Bg3 1/2-1/2

[Event "Early-Titled-Tuesday-Blitz-January-23-2024"]
[Site "Chess.com"]
[Date "2024.01.23"]
[Round "3"]
[White "ErikRonka"]
[Black "Witik"]
[Result "0-1"]
[WhiteElo "2485"]
[BlackElo "2664"]
[TimeControl "180+1"]
[EndTime "8:28:45 PST"]
[Termination "Witik won by resignation"]

1. e4 e5 2. Nf3 Nc6 3. Bb5 a6 4. Ba4 Nf6 5. O-O b5 6. Bb3 Bc5 7. Re1 d6 8. h3 Na5 9. c3 Nxb3 10.
axb3 Bb6 11. d4 O-O 12. dxe5 dxe5 13. Qxd8 Rxd8 14. Bg5 Bb7 15. Bxf6 gxf6 16. Nbd2 Rd3 17. b4 a5 18. bxa5 Rxa5 19. Rxa5 Bxa5 20. Nf1 b4 21. cxb4 Bxb4 22. Rc1 Bxe4 23. Ne3 c5 24. Ra1 Kg7 25. Nh4 f5 26. Nhxf5+ Bxf5 27. Nxf5+ Kf6 28. Ne3 Ke6 29. Ra6+ Rd6 30. Rxd6+ Kxd6 31. Kf1 e4 32. Ke2 Ke5 33. Ng4+ Kd4 34. Ne3 c4 35. g4 Bc5 36. Nf5+ Ke5 37. f3 exf3+ 38. Kxf3 Bd4 39. Nxd4 Kxd4 40. Ke2 Ke4 41. Kd2 Kd4 42. Kc2 f6 43. Kd2 Ke4 44. Kc3 Kd5 45. Kc2 Kd4 46. Kd2 h6 47. Kc2 Kd5 48. Kc3 Kc5 49. Kc2 Kb4 50. Kc1 Kb3 51. Kb1 c3 52. bxc3 Kxc3 53. Kc1 Kd3 54. h4 Ke3 55.
Kd1 Kf4 56. g5 fxg5 57. hxg5 hxg5 58. Ke1 Kg3 59. Ke2 g4 60. Kf1 Kh2 61. Kf2 g3+ 0-1

[Event "Early-Titled-Tuesday-Blitz-January-23-2024"]
[Site "Chess.com"]
[Date "2024.01.23"]
[Round "3"]
[White "Gabrielian_Artur"]
[Black "GMWSO"]
[Result "0-1"]
[WhiteElo "2793"]
[BlackElo "3089"]
[TimeControl "180+1"]
[EndTime "8:28:46 PST"]
[Termination "GMWSO won by resignation"]

1. e4 c5 2. Nf3 d6 3. d4 cxd4 4. Nxd4 Nf6 5. Nc3 a6 6. Bc4 e6 7. Be3 b5 8. Bb3 Be7 9. Qe2 b4 10. Na4 O-O 11. f3 Bd7 12. O-O Nc6 13. c3 Nxd4 14.
Bxd4 Bb5 15. c4 Bc6 16. Qf2 Rb8 17. Rfd1 Nd7 18. c5 Qa5 19. cxd6 Bxd6 20. Bxg7 Kxg7 21.
Rxd6 Bxa4 22. Bxa4 Qxa4 23. Rad1 Rb7 24. Qg3+ Kh8 25.
Qf4 f6 26. b3 Qb5 27. Rxe6 Rb6 28. Rxb6 Qxb6+ 29. Kh1 Ne5 30. h3 Ng6 31. Qh6 Qc7 32. Rd5 Qf4 33. Qh5 Rf7 34. Rd8+ Kg7 35. Qd5 Rc7 36. Rd7+ Rxd7 37. Qxd7+ Kh6 38. Qd4 a5 39. Qb6 Qc1+ 40. Kh2 Qf4+ 41. Kh1 Nh4 42. Qd8 Qc1+ 43. Kh2 Qf4+ 44. Kh1 Qg5 45. Qf8+ Qg7 46. Qxg7+ Kxg7 47. Kg1 Kf7 48. Kf2 Ke6 49. g3 Ng6 50. f4 f5 51. Ke3 h5 52. exf5+ Kxf5 53. Kf3 Kf6 54. g4 h4 55. Ke4 Ne7 56. Kd4 Ng6 57.
Ke4 Ne7 58. Kd4 Kf7 59. Kc5 Ng6 60. f5 Nf4 61. Kb5 Nxh3 62. Kxa5 Ng5 63. Kxb4 h3 0-1

[Event "Early-Titled-Tuesday-Blitz-January-23-2024"]
[Site "Chess.com"]
[Date "2024.01.23"]
[Round "3"]
[White "Squirlolz"]
[Black "AlexandraSamaganova"]
[Result "1-0"]
[WhiteElo "2572"]
[BlackElo "2380"]
[TimeControl "180+1"]
[EndTime "8:28:46 PST"]
[Termination "Squirlolz won by checkmate"]

1. d4 Nf6 2. Qd3 e6 3. Bg5 Be7 4. Nd2 c5 5. O-O-O cxd4 6. Ngf3 Nc6 7. Nxd4 d5 8. Kb1 O-O 9. Nxc6 bxc6 10. e4 Rb8 11. e5 Nd7 12. h4 Nxe5 13. Qg3 f6 14. Bh6 Rf7 15. Nb3 c5 16. f4 Nc6 17. f5 Bd6 18.
Bf4 e5 19. Bc1 Nd4 20. h5 Bxf5 21. Nxd4 cxd4 22. h6 Qc7 23. Qf2 g6 24. Bd3 e4 25.
Bf1 Be5 26. Rg1 Qb6 27. g4 Be6 28. b3 a5 29. Bb2 e3 30. Qf3 a4 31. Bd3 axb3 32. axb3 Ra8 33. Bf5 Qa6 34. Rd3 Rc7 35. Bxe6+ Qxe6 36. Bxd4 Bxd4 37. Rxd4 Qc6 38. Qxd5+ Qxd5 39. Rxd5 Rca7 40. Kb2 Ra2+ 41. Kc3 Ra1 42. Rg2 R1a6 43.
Rd7 Re8 44. Re2 Rc6+ 45. Kd3 Rec8 46. c4 Rb6 47. Rg7+ Kh8 48. Kc3 Rcb8 49. b4 g5 50. b5 Rd6 51. Rxe3 f5 52. Rge7 Rxh6 53. Re8+ Rxe8 54.
Rxe8+ Kg7 55. c5 fxg4 56. b6 Rh4 57. b7 Rh3+ 58. Kc4 Rh1 59. b8=Q Rc1+ 60. Kd5 Kh6 61.
Qh2+ Kg6 62. Re6+ Kf5 63. Qe5# 1-0

[Event "Early-Titled-Tuesday-Blitz-January-23-2024"]
[Site "Chess.com"]
[Date "2024.01.23"]
[Round "3"]
[White "Sibelephant"]
[Black "vasblesk"]
[Result "1-0"]
[WhiteElo "3079"]
[BlackElo "2774"]
[TimeControl "180+1"]
[EndTime "8:28:47 PST"]
[Termination "Sibelephant won by resignation"]

1. Nf3 Nf6 2. g3 g6 3. Bg2 Bg7 4. d4 O-O 5. O-O d5 6. c4 c6 7.
Qb3 Qb6 8. Nc3 Be6 9. c5 Qxb3 10. axb3 Na6 11. Bf4 h6 12. Ra4 g5 13. Be5 Nd7 14.
Bxg7 Kxg7 15. Rfa1 Rfb8 16. b4 Nc7 17. Rxa7 Rxa7 18.
Rxa7 Na6 19. b5 cxb5 20. Nxb5 Nf6 21. Nd2 Bd7 22. Nc3 Bc6 23. e3 e6 24. Bf1 Ne8 25.
Nb3 Nec7 26. Na5 Nb4 27. Nxc6 Nxc6 28. Ra4 b6 29. Nb5 Nxb5 30. Bxb5 Ne7 31. cxb6 Rxb6 32.
Ra5 Nc8 33. b3 Nd6 34. Ba4 Rb4 35. Kg2 Rb6 36. Ra7 Kf6 37. g4 Ne4 38. h3 Nd6 39.
Kf3 Kg6 40. Rc7 Kf6 41. Rc6 Rxc6 42. Bxc6 Ke7 43. Ke2 Kd8 44. f3 Kc7 45. Ba4 f6 46. Kd3 f5 47. b4 Kb6 48. Bd7 fxg4 49. hxg4 e5 50. dxe5 Nc4 51. e6 Kc7 52. Bb5 Ne5+ 53. Ke2 Kd6 54. Bd7 Ng6 55. b5 Ne5 56. b6 Nxd7 57.
exd7 Kxd7 58. Kd3 Kc6 59. Kd4 Kxb6 60. Kxd5 Kc7 61. Ke6 Kc6 62. e4 Kc5 63. e5 Kd4 64. Kf5 1-0

[Event "Early-Titled-Tuesday-Blitz-January-23-2024"]
[Site "Chess.com"]
[Date "2024.01.23"]
[Round "3"]
[White "GroovyKettle"]
[Black "AlexPapasimakopoulos"]
[Result "1/2-1/2"]
[WhiteElo "2973"]
[BlackElo "2716"]
[TimeControl "180+1"]
[EndTime "8:28:47 PST"]
[Termination "Game drawn by repetition"]

1. e4 e6 2. d4 d5 3. Nd2 Nf6 4. e5 Nfd7 5. Bd3 c5 6. c3 b5 7.
Ne2 b4 8. O-O bxc3 9. bxc3 Be7 10.
Nf3 Ba6 11. Ng3 Qa5 12. Bxa6 Qxa6 13. h4 Nc6 14. Bg5 h6 15. Bxe7 Nxe7 16. Nh5 O-O 17. Nh2 Rab8 18. Qg4 Nf5 19. Nf6+ Nxf6 20. exf6 cxd4 21. cxd4 Rb4 22. Nf3 Qa4 23. Rfe1 Rc8 24.
Re5 g6 25. Rxe6 Nxd4 26. Nxd4 Rxd4 27. Re4 Rxe4 28. Qxc8+ Re8 29. Qc5 Qxh4 30. Qxa7 Qxf6 31. Rd1 Rd8 32. a4 d4 33. a5 d3 34. a6 Qe6 35.
Qc7 Qd7 36. Qa5 d2 37. a7 Ra8 38. Rxd2 Rxa7 39. Rxd7 Rxa5 40. g3 Kg7 41. Kg2 Ra3 42.
Rc7 Ra6 43. Rb7 Re6 44. Rc7 Rb6 45. Ra7 h5 46. Rc7 Ra6 47. Rb7 Kf6 48. Rc7 Rb6 49. Ra7 g5 50. Rc7 Kg6 51. Ra7 Rc6 52. Rb7 f6 53. Ra7 Rb6 54. Rc7 Rb5 55. Rc6 Kf5 56. Rc8 Ra5 57. Rh8 Kg6 58. Rg8+ Kh6 59. Rh8+ Kg6 60.
Rg8+ Kh7 61. Rc8 Ra6 62. Rc7+ Kg6 63. Rc8 Ra7 64. Rh8 Rh7 65. Rg8+ Kf5 66. Ra8 h4 67. gxh4 Rxh4 68. Ra5+ Kg6 69. Ra6 Rb4 70. Kg3 Rb3+ 71. f3 Rb4 72. Rc6 Rf4 73. Rb6 Kh5 74. Ra6 Kg6 75. Rb6 Ra4 76. Rc6 Ra1 77. Rb6 Rg1+ 78. Kf2 Rh1 79. Kg3 Rh4 80. Ra6 Rf4 81. Rb6 1/2-1/2

[Event "Early-Titled-Tuesday-Blitz-January-23-2024"]
[Site "Chess.com"]
[Date "2024.01.23"]
[Round "3"]
[White "HATilay"]
[Black "HeroWilczek"]
[Result "0-1"]
[WhiteElo "2582"]
[BlackElo "2441"]
[TimeControl "180+1"]
[EndTime "8:28:48 PST"]
[Termination "HeroWilczek won by checkmate"]

1. d4 Nf6 2. c4 c5 3. d5 b5 4.
cxb5 a6 5. bxa6 Bxa6 6. Nc3 g6 7. e4 Bxf1 8. Kxf1 Bg7 9. e5 Ng8 10. Nf3 d6 11. Bf4 dxe5 12. Bxe5 Nf6 13. d6 e6 14. g4 Nbd7 15. Nb5 O-O 16. Bc3 Qb6 17. Nc7 Rad8 18.
a4 Ne4 19. Bxg7 Kxg7 20. Nb5 Ndf6 21. g5 Nd5 22. d7 Rxd7 23. Qe2 Nd6 24. Ne5 Rdd8 25.
Nxd6 Qxd6 26. h4 Nf4 27. Qe4 Qd5 28. f3 Qxe4 29. fxe4 Rd2 30. Ke1 Rfd8 31. a5 Ng2+ 32. Kf1 Ne3+ 33. Ke1 Nc2+ 34. Kf1 Nxa1 35. Rh3 Rd1+ 36.
Ke2 R1d2+ 37. Ke1 Rxb2 38. Rf3 Nc2+ 39. Kf1 Nd4 40. Rxf7+ Kg8 41. Rc7 Nb5 42. Rd7 Rxd7 43. Nxd7 Ra2 44. Nxc5 Rxa5 45. Nxe6 Nd6 46. Nf4 Nxe4 47.
Ke2 Ra3 48. Nd5 Ng3+ 49. Kf2 Nf5 50. Nf6+ Kh8 51. h5 Ra6 52. h6 Rxf6 53. gxf6 Kg8 54.
Kf3 Kf7 55. Kf4 Kxf6 56. Kg4 g5 57. Kh5 Nd6 58. Kg4 Kg6 59. Kf3 Kxh6 60. Kg4 Kg6 61.
Kg3 h5 62. Kf3 Nf7 63. Kg3 Kf6 64. Kf3 Kf5 65. Ke3 h4 66. Kd4 g4 67. Ke3 h3 68. Kf2 Kf4 69. Kg1 g3 70. Kh1 Kf3 71.
Kg1 g2 72. Kh2 Kf2 73. Kxh3 g1=Q 74. Kh4 Qg6 75. Kh3 Qh5# 0-1

[Event "Early-Titled-Tuesday-Blitz-January-23-2024"]
[Site "Chess.com"]
[Date "2024.01.23"]
[Round "3"]
[White "PenguinPacks"]
[Black "Rikikits"]
[Result "0-1"]
[WhiteElo "2424"]
[BlackElo "2847"]
[TimeControl "180+1"]
[EndTime "8:28:49 PST"]
[Termination "Rikikits won by resignation"]

1. d4 d5 2. Nc3 c6 3. Bf4 Qb6 4. Rb1 Nf6 5. e3 Bf5 6. Be2 h6 7. Nf3 Nbd7 8. Ne5 Nxe5 9. Bxe5 e6 10. O-O Nd7 11. Bg3 Be7 12. f3 O-O 13. e4 Bg6 14.
Bf2 Rac8 15. Bd3 dxe4 16. fxe4 e5 17. dxe5 Bc5 18. e6 Bxf2+ 19. Rxf2 fxe6 20. Qe2 Bh5 21. Qd2 Ne5 22. h3 Rf7 23. Rf1 Rcf8 24. Na4 Qd4 25.
Qc3 Qe3 26. Qd2 Qxd2 27. Rxd2 b6 28. Rxf7 Rxf7 29. Ba6 Bg6 30. Nc3 Rf8 31. Rd6 Kf7 32. b4 Ke7 33. Rd2 Bh5 34. Bf1 g5 35. b5 c5 36. a4 Bg6 37. Rd1 Rd8 38. Rxd8 Kxd8 39. Kf2 h5 40. Ke3 h4 41. Be2 Ke7 42. Nd1 Nf7 43.
Nb2 Nd6 44. Bd3 Bh5 45. Nc4 Nxc4+ 46. Bxc4 Kf6 47. Bd3 Ke5 48. c3 Bg6 49. Bc2 Bh5 50. Kd3 Kf4 51. Kc4 Bg6 52. a5 Bxe4 53. Bxe4 Kxe4 54.
a6 Kf4 55. Kd3 e5 56. Ke2 Ke4 57. Kd2 Kf4 58. Ke2 e4 59. Kd2 Kg3 60. Ke3 Kxg2 61. Kxe4 Kxh3 62. Kd5 g4 63. Kc6 g3 64. Kb7 g2 65.
Kxa7 g1=Q 66. Kxb6 c4+ 67. Kb7 Qg2+ 68. Ka7 Qf2+ 69. b6 Kg4 70. Ka8 Qxb6 71. a7 Qxa7+ 72. Kxa7 h3 73. Kb6 h2 74. Kb5 h1=Q 75. Kxc4 Kf5 76.
Kb3 Ke6 0-1

[Event "Early-Titled-Tuesday-Blitz-January-23-2024"]
[Site "Chess.com"]
[Date "2024.01.23"]
[Round "3"]
[White "MKlose11"]
[Black "ljuks68"]
[Result "1/2-1/2"]
[WhiteElo "2637"]
[BlackElo "2473"]
[TimeControl "180+1"]
[EndTime "8:28:49 PST"]
[Termination "Game drawn - insufficient material"]

1. e4 e6 2. d4 d5 3. Nc3 Bb4 4. Bd2 dxe4 5. Qg4 Qxd4 6. O-O-O Nf6 7. Qxg7 Rg8 8. Qh6 Rg6 9. Qh4 Rg4 10. Qh3 Qxf2 11. Nge2 Rh4 12. Be3 Rxh3 13. Bxf2 Rh6 14. a3 Ba5 15. Bd4 Nc6 16. Bxf6 Rxf6 17. Nxe4 Rh6 18. N2g3 Bb6 19. Bb5 f5 20. Bxc6+ bxc6 21. Nd2 e5 22. Nc4 e4 23. Rhf1 Rxh2 24. Nxf5 Bxf5 25.
Rxf5 Rxg2 26. Re5+ Kf7 27. Rxe4 Kg6 28. Re6+ Kf7 29.
Rxc6 Re8 30. Rf1+ Kg8 31. Nxb6 cxb6 32. Rc7 Rg7 33. Rc6 Rf7 34. Rg1+ Kh8 35. Rh1 Rg8 36. b4 Rg2 37. Kb2 Kg7 38. Kb3 Rg3+ 39. c3 Rg4 40. a4 Rg3 41. Rch6 Kg8 42. Rc6 Rg4 43. Re1 Rg3 44. Re8+ Kg7 45. Rec8 h5 46. Re8 h4 47. Re4 h3 48. Rh4 Rff3 49. a5 Kf7 50.
axb6 axb6 51. b5 Re3 52. Kb4 Rd3 53. Rcc4 Rdf3 54. Rcf4+ Rxf4+ 55. Rxf4+ Kg6 56. c4 Kg5 57. Rf1 h2 58. Rh1 Rg2 59. c5 Rb2+ 60. Kc4 Rc2+ 61.
Kb4 bxc5+ 62. Kb3 Rd2 63. Kc4 Kg4 64. Kxc5 Kg3 65. b6 Kg2 66. Rxh2+ Kxh2 67. Kc6 Rb2 68. b7 Rxb7 69. Kxb7 1/2-1/2

[Event "Early-Titled-Tuesday-Blitz-January-23-2024"]
[Site "Chess.com"]
[Date "2024.01.23"]
[Round "3"]
[White "snowlord"]
[Black "1mbl4"]
[Result "1-0"]
[WhiteElo "2871"]
[BlackElo "2566"]
[TimeControl "180+1"]
[EndTime "8:28:51 PST"]
[Termination "snowlord won by resignation"]

1. Nf3 Nf6 2. g3 g6 3. c4 Bg7 4. Nc3 O-O 5. Bg2 d6 6. O-O e5 7.
d3 Re8 8. Qc2 Nc6 9. Rb1 Bg4 10.
e3 Qc8 11. Re1 Bh3 12. Bh1 h6 13. b4 Ne7 14. c5 Qd7 15. Bb2 Nf5 16. Qa4 Qxa4 17.
Nxa4 Rad8 18. cxd6 cxd6 19. Rbc1 Rc8 20. Nd2 d5 21. Nc5 b6 22. Na6 e4 23. Bxf6 Bxf6 24.
dxe4 dxe4 25. Nxe4 Bb2 26. Rb1 Rc2 27. b5 Bg7 28. Nb4 Rc4 29. Nd2 Rc5 30. Nc6 a5 31. bxa6 Bc3 32. Red1 Nxe3 33. fxe3 Rxe3 34. a7 Re8 35.
Bg2 Bxg2 36. Kxg2 Rxc6 37. Rdc1 Ra8 38. Ne4 Rxa7 39. Nxc3 Ra3 40. Rb3 Ra5 41. Rcb1 Kg7 42. a3 Rac5 43. Ne2 Rc2 44. R1b2 g5 45. g4 R6c4 46. h3 Rxb2 47. Rxb2 Ra4 48. Rb3 b5 49.
Nc3 Rc4 50. Nxb5 Rc2+ 51. Kg3 Kg6 52. a4 h5 53. gxh5+ Kxh5 54. Ra3 f5 55. a5 f4+ 56.
Kf3 Rh2 57. Ke4 Re2+ 58. Kf5 Rb2 59. Nd4 Rb4 60. a6 Rb3 61. Nxb3 1-0

[Event "Early-Titled-Tuesday-Blitz-January-23-2024"]
[Site "Chess.com"]
[Date "2024.01.23"]
[Round "3"]
[White "EvgenyBurmakin"]
[Black "ViratKohl_i"]
[Result "1-0"]
[WhiteElo "2446"]
[BlackElo "2593"]
[TimeControl "180+1"]
[EndTime "8:28:52 PST"]
[Termination "EvgenyBurmakin won by resignation"]

1. e4 g6 2. d4 Bg7 3. Nc3 c6 4. Be3 d5 5. Qd2 dxe4 6. Nxe4 Nf6 7. Bd3 Nxe4 8. Bxe4 Nd7 9. Nf3 Nf6 10. Bd3 Be6 11. O-O O-O 12. c3 Qc8 13. Ne5 Bf5 14. Rad1 Bxd3 15.
Qxd3 Rd8 16. Qc4 Nd5 17. Nd3 Qf5 18. Nc5 b6 19. Nb3 Rac8 20. Qe2 Re8 21. c4 Nxe3 22.
fxe3 Qg5 23. Qf3 Rf8 24. e4 e6 25. c5 bxc5 26. dxc5 Bxb2 27. Rd7 f5 28. Qe2 Bg7 29. exf5 exf5 30. Qe6+ Kh8 31. Re1 Qf6 32. Qxf6 Bxf6 33. Re6 Bg7 34. Ree7 Rg8 35. Rxa7 Ra8 36. Kf2 Rxa7 37.
Rxa7 Rd8 38. Rc7 Ra8 39. Rxc6 Rxa2+ 40. Kf3 Be5 41. Re6 Ra3 42. Rxe5 Rxb3+ 43. Re3 Rb5 44.
Rc3 Rb8 45. c6 Kg8 46. Kf4 Kf7 47. Ke5 Ke7 48. c7 Rc8 49. h4 Kd7 50. Kf6 Rxc7 51. Rxc7+ Kxc7 52. Kg7 Kd7 53. Kxh7 Ke7 54. Kxg6 Ke6 55. h5 1-0

[Event "Early-Titled-Tuesday-Blitz-January-23-2024"]
[Site "Chess.com"]
[Date "2024.01.23"]
[Round "3"]
[White "jefferyx"]
[Black "Paladin61"]
[Result "0-1"]
[WhiteElo "3002"]
[BlackElo "2741"]
[TimeControl "180+1"]
[EndTime "8:28:54 PST"]
[Termination "Paladin61 won by resignation"]

1. d4 Nf6 2. c4 g6 3. Nc3 Bg7 4. e4 d6 5. Be2 O-O 6. Be3 Na6 7. Nf3 c6 8. O-O e5 9. d5 Ng4 10. Bg5 f6 11. Bh4 c5 12. Nd2 h5 13. a3 Nh6 14. f3 Nf7 15. Rb1 Bd7 16. b4 b6 17.
Kh1 Bh6 18. Bf2 f5 19. exf5 gxf5 20. bxc5 Nxc5 21. Nb3 Na4 22. Qc2 Qg5 23. f4 Qg6 24. fxe5 dxe5 25. Nxa4 Bxa4 26. c5 bxc5 27. Qxc5 Nd6 28.
Qb4 Bxb3 29. Rxb3 Ne4 30. Be1 Kh8 31. Qe7 Rae8 32. Qh4 Nf6 33. Rb7 Rg8 34. Qh3 Ng4 35. Rxa7 Rc8 36. Ra6 Qg5 37. Bxg4 fxg4 38. Qd3 Rc1 39.
Bh4 Qf4 40. Bf6+ Bg7 41. Bxg7+ Rxg7 42. Kg1 Rxf1+ 43. Qxf1 Qd4+ 44. Kh1 Qxd5 45. a4 Rf7 46. Rf6 Rxf6 47. Qxf6+ Kh7 48. Qf1 Kg6 49. Qa1 Qa5 50. h4 Kf5 51. Kh2 Ke6 52. Qa2+ Kf5 53. Qb1+ Kf4 54.
Qb5 g3+ 55. Kh3 Qe1 56. Qc4+ e4 57. Qc7+ Ke3 58. Qxg3+ Qxg3+ 59. Kxg3 Kd2 60. Kf4 e3 61. g4 e2 62. gxh5 e1=Q 63. h6 Qxh4+ 64. Kf5 Qxh6 0-1

[Event "Early-Titled-Tuesday-Blitz-January-23-2024"]
[Site "Chess.com"]
[Date "2024.01.23"]
[Round "3"]
[White "Nekoo04"]
[Black "TitarovVasiliYouTube"]
[Result "1-0"]
[WhiteElo "2367"]
[BlackElo "2550"]
[TimeControl "180+1"]
[EndTime "8:28:55 PST"]
[Termination "Nekoo04 won on time"]

1. d4 d5 2. c4 e6 3. Nf3 a6 4.
cxd5 exd5 5. Nc3 Nf6 6. Bg5 Be6 7. e3 Nbd7 8. Bd3 Bd6 9. O-O c6 10. Rb1 Qc7 11. b4 O-O 12. a4 Bg4 13. h3 Bh5 14. g4 Bg6 15. Bxg6 hxg6 16. Qd3 Rfe8 17. b5 axb5 18.
axb5 Ra3 19. bxc6 bxc6 20. Rfc1 Ne4 21. Nxd5 Rxd3 22. Nxc7 Bxc7 23. Rxc6 Nxg5 24. Nxg5 Bd8 25. Rc8 Rf8 26. Ne4 Ra3 27. Rb7 Nf6 28. Nd6 Ra6 29. Nxf7 Rxf7 30. Rxd8+ Rf8 31. Rxf8+ Kxf8 32. g5 Ne4 33. h4 Ra2 34. d5 Rd2 35. Rb4 Nc3 36.
e4 Ke7 37. Rb7+ Kf8 38. Rb4 Re2 39. d6 Rd2 40. e5 Kf7 41. Rb7+ Ke6 42. Re7+ Kf5 43. d7 Ne2+ 44. Kg2 Nf4+ 45. Kf3 Ne6 46. Ke3 Rd1 47. Rf7+ Kg4 48. Re7 Nc7 49. e6 Nd5+ 50. Ke2 Nxe7 51. Kxd1 Nc6 52. e7 Nxe7 53. d8=Q Nf5 54.
Qe8 Nxh4 55. Qe5 Nf3 56. Qxg7 Kxg5 57. Ke2 Nh4 58. Qe7+ Kg4 59. f3+ Kf4 60. Qxh4+ 1-0

[Event "Early-Titled-Tuesday-Blitz-January-23-2024"]
[Site "Chess.com"]
[Date "2024.01.23"]
[Round "3"]
[White "Shahdad2007"]
[Black "Lion-Al-Messi"]
[Result "1-0"]
[WhiteElo "2446"]
[BlackElo "2589"]
[TimeControl "180+1"]
[EndTime "8:28:56 PST"]
[Termination "Shahdad2007 won by resignation"]

1. Nf3 d5 2. g3 Nf6 3. Bg2 c6 4. O-O Bf5 5. d3 e6 6. Nh4 Bg4 7. h3 Bh5 8. g4 Bg6 9. b3 Bd6 10. e3 e5 11. Bb2 O-O 12. Nd2 d4 13. Nxg6 hxg6 14. exd4 exd4 15. Bxd4 Nbd7 16. Nc4 Bf4 17.
Qf3 Qc7 18. Rae1 Rae8 19. Kh1 g5 20. a4 Nd5 21. Ne3 N7f6 22. Nf5 b6 23. Qd1 c5 24. Bb2 Kh7 25. Rxe8 Rxe8 26. Re1 Qb8 27. Nxg7 Kxg7 28. Bxd5 Be5 29. Bxe5 Rxe5 30. Rxe5 Qxe5 31. Bf3 Ng8 32. Qe2 Qf6 33. Be4 Ne7 34. Kg2 a5 35. Qf3 Qe5 36. Qg3 Qf6 37. Qc7 Qe6 38. f4 gxf4 39. Qxf4 f6 40. h4 Kg8 41. h5 Qd7 42. h6 Nd5 43. Bxd5+ Qxd5+ 44. Qe4 Qg5 45. h7+ Kg7 46.
Qe7+ Kh8 47. Kf3 Qd5+ 48. Qe4 Qg5 49. Qf5 Qh6 50. c3 Kg7 51. d4 cxd4 52. cxd4 Qd2 53.
Qxf6+ Kxh7 54. g5 Qd3+ 55. Kf4 Qd2+ 56. Ke5 Qe3+ 57. Kd6 Qg3+ 58. Qe5 Qg4 59. Kc6 Qf3+ 60. d5 Kg6 61. Qf6+ Qxf6+ 62. gxf6 Kxf6 63. d6 Ke6 64. d7 Ke7 65. Kc7 1-0

[Event "Early-Titled-Tuesday-Blitz-January-23-2024"]
[Site "Chess.com"]
[Date "2024.01.23"]
[Round "3"]
[White "KChor05"]
[Black "Smile2005"]
[Result "1/2-1/2"]
[WhiteElo "2565"]
[BlackElo "2391"]
[TimeControl "180+1"]
[EndTime "8:28:58 PST"]
[Termination "Game drawn - insufficient material"]

1. e4 c5 2. Nf3 e6 3. d4 cxd4 4. Nxd4 a6 5. Nc3 b5 6. Bd3 Bb7 7. O-O Nf6 8. e5 Nd5 9. Nxd5 Bxd5 10. Qe2 Nc6 11. Nxc6 Bxc6 12. f4 Bc5+ 13. Kh1 g6 14.
Bd2 Qb6 15. Rae1 h5 16. Be4 Bxe4 17. Qxe4 Qc6 18. Qd3 h4 19. h3 O-O-O 20. c4 d6 21. cxb5 Qxb5 22. Qc2 Kb8 23. a4 Qb6 24. b4 Bd4 25. a5 Qb5 26. exd6 Rxd6 27. Rc1 Qb7 28.
b5 axb5 29. Bb4 Rd5 30. Rfd1 Rc8 31. Qe2 Rxc1 32. Rxc1 Ka7 33. Qe4 Ka6 34. Qc2 Be3 35.
Rf1 Rd4 36. Qc3 Rc4 37. Qxe3 Rxb4 38. Ra1 Ra4 39. Rc1 Rxa5 40. Qe5 Ra2 41. Qd6+ Ka5 42. Rg1 b4 43. Qd8+ Qb6 44. Qxh4 Qa6 45. Qg5+ Qb5 46.
Qd8+ Ka4 47. Qa8+ Kb3 48. Qf3+ Ka4 49. Rb1 b3 50. Qe4+ Qb4 51. Qa8+ Qa5 52. Qxa5+ Kxa5 53. Rxb3 Ra1+ 54. Kh2 Ra4 55. Kg3 Rb4 56. Rxb4 Kxb4 57. Kg4 f6 58. h4 Kc5 59. h5 gxh5+ 60. Kxh5 Kd5 61. Kg6 Ke4 62. g3 Kf3 63. Kxf6 Kxg3 64. Kxe6 Kxf4 1/2-1/2

[Event "Early-Titled-Tuesday-Blitz-January-23-2024"]
[Site "Chess.com"]
[Date "2024.01.23"]
[Round "3"]
[White "ProChessWICTH"]
[Black "Rodalquilar"]
[Result "1-0"]
[WhiteElo "2521"]
[BlackElo "2722"]
[TimeControl "180+1"]
[EndTime "8:29:00 PST"]
[Termination "ProChessWICTH won by checkmate"]

1. e4 d5 2. exd5 Qxd5 3. Nc3 Qa5 4. Bc4 Nf6 5. d3 Bg4 6. Ne2 Nc6 7. O-O Qh5 8. f3 Bd7 9. Ng3 Qc5+ 10. Kh1 Na5 11. Nce4 Nxe4 12. Nxe4 Qb6 13. Bb3 Nxb3 14. axb3 e6 15.
Qe2 Be7 16. Be3 Qc6 17. Ra4 b6 18. Rfa1 Qb7 19. R4a2 O-O 20. Bd4 Rfd8 21. Bc3 a5 22. Rf1 Qd5 23. Raa1 a4 24. bxa4 Rxa4 25. Qf2 f6 26.
Qg3 e5 27. Rxa4 Bxa4 28. b3 Bc6 29. Ra1 Qd7 30. Ra7 Ra8 31. Rxa8+ Bxa8 32. h4 Kf7 33. h5 Qf5 34. Qh4 Bc6 35. Kh2 Be8 36. h6 g5 37.
Qf2 Qg6 38. d4 Qxh6+ 39. Kg1 exd4 40. Qxd4 Kf8 41. Qc4 f5 42. Ng3 Bc5+ 43. Bd4 Bf7 44. Qc3 Qd6 45. Bxc5 bxc5 46. Nxf5 Qd5 47. Ne3 Qd6 48.
Qh8+ Ke7 49. Nf5+ Ke6 50. Nxd6 cxd6 51. Kh2 Bg6 52. Qg7 Kd5 53. Qc3 Kc6 54. Qd2 d5 55. c3 Kd6 56. b4 d4 57. cxd4 Kc6 58.
dxc5 g4 59. fxg4 h5 60. gxh5 Bf5 61. Qg5 Kb5 62. h6 Bh7 63. Qg7 Bd3 64. h7 Ka4 65. h8=Q Bb5 66. Qa7+ Kb3 67. Qh3+ Bd3 68. Qa6 Kb2 69.
Qhxd3 Kc1 70. Qa1# 1-0

[Event "Early-Titled-Tuesday-Blitz-January-23-2024"]
[Site "Chess.com"]
[Date "2024.01.23"]
[Round "3"]
[White "Maftuna2303"]
[Black "PabloZarnicki"]
[Result "1-0"]
[WhiteElo "2430"]
[BlackElo "2575"]
[TimeControl "180+1"]
[EndTime "8:29:00 PST"]
[Termination "Maftuna2303 won on time"]

1. e4 d6 2. d4 Nf6 3. Nc3 c6 4. Nf3 Bg4 5. a4 e6 6. Be2 Be7 7. h3 Bxf3 8. Bxf3 d5 9. O-O O-O 10. Bf4 Bb4 11. e5 Nfd7 12. Ne2 Be7 13. Ng3 c5 14. c3 Nc6 15. Be2 cxd4 16. cxd4 Qb6 17. Bb5 a6 18. Bxc6 bxc6 19. Qd2 Rab8 20. Rab1 Qb4 21.
b3 c5 22. Ne2 Qxd2 23. Bxd2 cxd4 24. Nxd4 Bc5 25. Be3 Nxe5 26. Nc6 Nxc6 27. Bxc5 Rfd8 28. b4 Ne5 29. Rfd1 Nc4 30. f4 Rdc8 31. Kf2 f6 32. g4 Kf7 33. h4 a5 34. f5 axb4 35.
Bxb4 Rc7 36. fxe6+ Kxe6 37. Bc3 Rcb7 38. Ra1 Rb3 39. Bd4 Nd6 40. a5 Ne4+ 41. Kg2 Rg3+ 42. Kf1 Rxg4 43. a6 Ng3+ 44. Kf2 Nf5 45. a7 Ra8 46. Ra6+ Kd7 47. Bc5 Rf4+ 48. Kg1 Rc4 49. Rxd5+ Kc7 50. Bf2 Ne7 51. Rb5 Nc6 52. Bg3+ Kd7 53.
Rb7+ Ke6 54. Rb8 Rc1+ 55. Kg2 Rxb8 56. axb8=Q Rc2+ 57. Kh3 Kf5 58. Qc8+ Kg6 59. Rxc6 1-0

[Event "Early-Titled-Tuesday-Blitz-January-23-2024"]
[Site "Chess.com"]
[Date "2024.01.23"]
[Round "3"]
[White "hsd2016"]
[Black "Predator0608"]
[Result "0-1"]
[WhiteElo "2273"]
[BlackElo "2499"]
[TimeControl "180+1"]
[EndTime "8:29:02 PST"]
[Termination "Predator0608 won by resignation"]

1. e4 e6 2. d4 d5 3. Nd2 c5 4. Ngf3 Nc6 5. c3 Nf6 6. e5 Nd7 7. Bd3 Be7 8. O-O a5 9. a3 c4 10. Bb1 b5 11. Re1 Nb6 12. Nf1 Bb7 13. Ng3 g6 14. Bh6 b4 15. Qd2 bxa3 16. bxa3 a4 17. Bg7 Rg8 18. Qh6 Na5 19. Qxh7 Kd7 20. Bf6 Rf8 21.
Ng5 Qe8 22. Nxe6 fxe6 23. Bxg6 Qd8 24. Nf5 exf5 25. Bxf5+ Kc6 26. Bxe7 Qc7 27. Qg6+ Kb5 28.
Rab1+ Nb3 29. Bd6 Qc6 30. Bxf8 Rxf8 31. Qxc6+ Kxc6 32. g4 Nc8 33. h4 Ne7 34. Be6 Nd2 35.
Kg2 Nxb1 36. Rxb1 Bc8 37. Bxc8 Nxc8 38. Kg3 Ne7 39. h5 Rf7 40. f4 Ng8 41. g5 Ne7 42.
Kg4 Nf5 43. h6 Ne3+ 44. Kf3 Nf5 45. Rb5 Kxb5 46. g6 Re7 47. g7 Nxh6 48. f5 Rxg7 49. f6 Rf7 50. Kf4 Kc6 51. Kg5 Ng8 52. Kg6 Rf8 53.
Kg7 Rb8 54. f7 Ne7 55. f8=Q Rxf8 56. Kxf8 Kd7 57. Kf7 Nc8 58. e6+ Kc7 59. Ke8 Kd6 60. Kd8 Ne7 61. Ke8 Kxe6 62. Kd8 Nf5 63. Kc7 Nxd4 64.
cxd4 c3 0-1